 Dungeon Crawl Stone Soup version 0.32-a0-960-g3814254bd7 (webtiles) character file.

Game seed: 11616728493883812444

120874 Heh the Warrior (level 16, 0/150 HPs)
             Began as a Coglin Berserker on Apr 17, 2024.
             Was the Champion of Trog.
             Hit by a javelin thrown by something (11 damage)
             ... on level 2 of the Shoals.
             The game lasted 01:06:31 (26059 turns).

Heh the Warrior (Coglin Berserker)                 Turns: 26059, Time: 01:06:32

Health: 0/150      AC: 31    Str: 25    XL:     16   Next: 83%
Magic:  7/16       EV: 14    Int:  6    God:    Trog [******]
Gold:   1987       SH:  4    Dex: 23    Spells: 15/15 levels left

rFire   + . .        e - +9 double sword of Exquisite Torment {flame, rN+++ Will- Str+2 SInv}
rCold   + . .        r - +9 demon blade (freeze) {Yadidatum}
rNeg    + + +        R - +12 plate armour of the Platytaur {Str+4}
rPois   .            (no helmet)
rElec   +            n - +1 cloak {Stlth+}
rCorr   .            k - +0 pair of gloves of Asceticism {rElec Dex+2}
SInv    +            w - +0 pair of boots
Will    .....        (amulet unavailable) Stlth
                     (ring unavailable)
HPRegen 1.25/turn    (ring unavailable)
MPRegen 0.55/turn    l - actuated geosubsystem {rF+ rC+ Regen+ RegenMP+}

%: no passive effects
@: mighty, studying Staves, invisible, revving, very slow
A: off-hand wielding, slow wielding, warmup strikes, no jewellery, large bone
plates 1, MP-powered wands
a: Renounce Religion, Berserk, Trog's Hand, Brothers in Arms


You were on level 2 of the Shoals.
You worshipped Trog.
Trog was exalted by your worship.
You visited 5 branches of the dungeon, and saw 25 of its levels.
You also visited: Ossuary and Ice Cave.

You collected 2657 gold pieces.
You spent 670 gold pieces at shops.

Inventory:

Hand Weapons
 d - a +1 rapier of distortion
 e - the +9 double sword of Exquisite Torment (weapon) {flame, rN+++ Will- Str+2 SInv}
   (Trog gifted it to you on level 4 of the Lair of Beasts)

   Str+2:     It affects your strength (+2).
   rN+++:     It renders you almost immune to negative energy.
   Will-:     It decreases your willpower.
   SInv:      It lets you see invisible.
 r - a +9 demon blade of freezing (offhand) {Yadidatum}
 D - a +4 rapier of holy wrath
Missiles
 m - 8 javelins
 p - 27 boomerangs
 P - 2 throwing nets
 U - 5 silver javelins (quivered)
Armour
 a - a +0 crystal plate armour
 j - a +1 robe of resistance
 k - the +0 pair of gloves of Asceticism (worn) {rElec Dex+2}
   (You bought it in a shop on level 2 of the Orcish Mines)

   Dex+2:     It affects your dexterity (+2).
   rElec:     It insulates you from electricity.
 n - a +1 cloak of stealth (worn)
 w - a +0 pair of boots (worn)
 E - a +2 robe of positive energy
 I - a +0 scale mail of cold resistance
 R - the +12 plate armour of the Platytaur (worn) {Str+4}
   (You found it on level 8 of the Dungeon)

   Str+4:     It affects your strength (+4).
 S - the +2 leather armour of the Old and Reckless {Int-2 Dex+4}
   (You found it on level 8 of the Dungeon)

   Int-2:     It affects your intelligence (-2).
   Dex+4:     It affects your dexterity (+4).
 Z - +0 acid dragon scales
Gizmo
 l - an actuated geosubsystem (installed) {rF+ rC+ Regen+ RegenMP+}
   (You invented it yourself in an ice cave)

   [actuated geosubsystem]

   rF+:       It protects you from fire.
   rC+:       It protects you from cold.
   Regen+:    It increases your rate of health regeneration.
   RegenMP+:  It increases your rate of magic regeneration.
Wands
 B - a wand of flame (43)
 C - a wand of mindburst (30)
 M - a wand of charming (19)
 Q - a wand of acid (19)
 Y - a wand of warping (15)
Scrolls
 b - 2 scrolls of fog
 c - 6 scrolls of identify
 f - 2 scrolls of immolation
 o - 11 scrolls of teleportation
 v - a scroll of enchant armour
 x - 3 scrolls of torment
 y - 2 scrolls of blinking
 G - 2 scrolls of revelation
 H - 5 scrolls of vulnerability
 J - 4 scrolls of poison
 L - a scroll of butterflies
 W - a scroll of silence
Potions
 h - 6 potions of ambrosia
 i - 6 potions of haste
 q - a potion of mutation
 s - 6 potions of might
 t - 2 potions of invisibility
 u - a potion of cancellation
 z - 2 potions of lignification
 A - 7 potions of curing
 K - 3 potions of berserk rage
 N - 8 potions of enlightenment
 O - 2 potions of magic
Miscellaneous
 g - a box of beasts


   Skills:
 + Level 20.7 Fighting
 * Level 14.9 Long Blades
 + Level 9.3 Armour
 + Level 11.9 Dodging


You had 15 spell levels left.
You didn't know any spells.
Your spell library was empty.

Dungeon Overview and Level Annotations

Branches:
Dungeon (15/15)            Temple (0/1) D:7            Lair (5/5) D:10
 Shoals (2/4) Lair:2       Spider (0/4) Lair:2        Slime (0/5) Lair:4
    Orc (2/2) D:10            Elf (0/3) Orc:2        Vaults (0/5) D:13
 Depths (1/4) D:15        Ossuary (visited)           IceCv (visited)

Altars:
Hepliaklqana
Beogh
Jiyva
Lugonu

Shops:
D:6 :   D:12 *   Orc:2 *=*[(   Shoals:2 :(

Portals:
Abyss: Lair:5
Trove: D:14 (give +2 ice dragon scales)

Annotations:
D:3 1 runed translucent door, Crazy Yiuf
D:5 3 runed translucent doors, Cobbler's ghost, amateur SpHu; DeathSocks's ghost, novice DrCj; olddryhag's ghost, novice MDFE; retardedninja's ghost, novice CoFi
D:12 3 runed translucent doors, Etzysuoth's ghost, journeyman DsWr
Shoals:2 Ilsuiw
Depths:1 1 runed translucent door, Ygearrag's ghost, veteran DrBe


Innate Abilities, Weirdness & Mutations

You can wield a second weapon in your off-hand.
It takes a long time for you to wield or remove held weapons.
Your first few attacks do less damage.
You cannot equip rings or amulets.
You are partially covered in large bone plates. (SH +4)
You expend magic power (3 MP) to strengthen your wands.


Message History

The merfolk javelineer throws a javelin.
The javelin pierces through you.
* * * LOW HITPOINT WARNING * * *
Ilsuiw is engulfed in a cloud of scalding steam.
The sea snake closely misses you.
The merfolk hits you from afar with a +0 trident.
* * * LOW HITPOINT WARNING * * *
Ilsuiw casts a spell.
Ilsuiw blinks!
The merfolk javelineer throws a javelin.
The javelin pierces through the water elemental!!
The javelin pierces through you but does no damage.
As you read the scroll of fear, it crumbles to dust.
You assume a fearsome visage.
Ilsuiw resists with almost no effort.
The merfolk looks frightened!
The water elemental is unaffected. x2
The sea snake looks frightened!
The merfolk javelineer resists with almost no effort.
Ilsuiw points at you and mumbles some strange words.
The shard of ice misses you. The water elemental hits you!
* * * LOW HITPOINT WARNING * * *
The water elemental engulfs you in water!
The merfolk javelineer throws a javelin.
The javelin pierces through the water elemental!
The javelin pierces through you!
* * * LOW HITPOINT WARNING * * *
Okay, then.
You cannot read scrolls while unable to breathe!
You feel better.
* * * LOW HITPOINT WARNING * * *
Your lungs strain for air!
You block the water elemental's attack. The water elemental hits you.
* * * LOW HITPOINT WARNING * * *
The merfolk javelineer throws a javelin.
The javelin pierces through the water elemental!
The water elemental is destroyed!
The water elemental disappears in a puff of smoke!
The water engulfing you falls away.
You gasp with relief as air once again reaches your lungs.
The javelin pierces through you!
You die...

~~~~~~~~~~≈~P~≈≈≈≈≈....
~)~~~~~~~≈≈≈≈≈≈≈≈≈≈~~~~~
~~~~~~~~~~≈≈≈≈≈≈≈≈≈≈≈~~~
~~~~~~~~~~~≈≈≈≈≈≈≈≈≈≈P~~
≈≈≈~~~~~~~~~≈≈≈≈≈≈≈≈≈≈≈≈
≈≈≈≈~~~~~~~~≈≈≈≈≈≈~P~PP~
#####~~~~~~~≈≈≈≈~~~~P~~~
#~~~~E~~≈≈≈E~~~~P~~~
#~~~~~~S≈≈≈≈@~~~~~~~
#~~~~~~~≈≈§§~~$~~~~~
#~)~~~~§≈§≈~~~~~~~~~
#)~~E~§~§≈~~~~m~~~++
~#~~))§~§§m~~~~~...+
~~~~~~~~§~~m≈≈P~~~....+
~~~~~~~~~~~≈≈≈≈~~.......
~~~~~~~~~~~≈≈≈≈~~.......
~≈~~#~~~~~≈≈≈≈≈~~......


You could see Ilsuiw (invisible, corroded), a sea snake (fleeing), a merfolk
(fleeing) and 2 water elementals.

Vanquished Creatures
  Saint Roka (Orc:2)
  Rupert (D:15)
  Mlioglotl (Shoals:2)
  2 dire elephants
  Snorg (Orc:2)
  A merfolk impaler (Shoals:1)
  2 vault guards (D:13)
  Erolcha (D:11)
  Harold (D:10)
  7 hydras
  10 two-headed ogres
  A centaur warrior (D:14)
  An ogre mage (D:15)
  3 ironbound frosthearts
  5 boulder beetles
  A demonic crawler (Lair:2)
  7 death yaks
  An occultist (D:13)
  2 thrashing horrors (Lair:5)
  Urug (Lair:5)
  A skyshark (Lair:3)
  4 skeletal warriors (D:13)
  A sea snake (Shoals:1)
  2 orc knights
  10 harpies
  10 ugly things
  A deep elf pyromancer (D:14)
  An obsidian bat (Orc:2)
  A wolf spider (D:15)
  4 fauns (Shoals:1)
  3 orc sorcerers
  14 manticores
  7 cyclopes
  3 meliai (D:14)
  3 merfolk sirens
  A black mamba (shapeshifter) (D:13)
  7 black mambas
  An ice statue (IceCv)
  A water nymph (D:15)
  6 kobold blastminers (Orc:2)
  A smoke demon (Lair:5)
  A gargoyle (D:13)
  A large abomination (Lair:5)
  10 cane toads
  11 komodo dragons
  4 rime drakes
  A kobold demonologist (D:12)
  An efreet (D:15)
  9 trolls
  17 polar bears
  A tarantella (shapeshifter) (D:15)
  5 merfolk
  A queen bee (Lair:3)
  2 wind drakes
  A hornet (shapeshifter) (Lair:5)
  2 snapping turtles (Shoals:1)
  24 blink frogs
  3 raiju (Lair:5)
  6 slime creatures
  Sigmund (D:4)
  9 dream sheep
  A spriggan (shapeshifter) (Lair:5)
  4 water elementals
  2 shadows
  8 wyverns
  68 yaks
  A ynoxinul (Lair:5)
  2 spriggans (Lair:5)
  A wraith (D:13)
  2 vampires
  6 basilisks
  3 steam dragons
  14 vampire mosquitoes
  3 chaos spawn (Lair:5)
  6 wargs
  2 humans (D:13)
  Grum (D:10)
  14 small abominations (Lair:5)
  11 water moccasins
  An acid dragon (D:11)
  2 ice beasts (D:7)
  4 laughing skulls (D:14)
  30 orc warriors
  34 wolves
  6 black bears
  3 ogres
  4 centaurs
  A kobold brigand (D:12)
  15 bullfrogs
  2 gnoll sergeants
  6 scorpions
  2 wights (Ossuary)
  A burial acolyte (Ossuary)
  11 killer bees (Lair:3)
  6 howler monkeys
  4 electric eels
  6 crimson imps (D:11)
  A lava snake (D:11)
  25 orc priests
  3 jellies
  3 bombardier beetles
  5 hounds
  A sleepcap (D:6)
  3 gnoll boudas
  5 iguanas
  2 scorpion zombies (D:5)
  24 orc wizards
  2 hound zombies (D:5)
  A mummy (Ossuary)
  19 gnolls
  A howler monkey skeleton (D:5)
  10 adders
  5 white imps
  2 ufetubi (D:5)
  3 adder zombies (D:5)
  An adder skeleton (D:5)
  3 ribbon worms
  A dart slug (D:5)
  94 orcs
  6 bats
  7 endoplasms
  6 giant cockroaches
  11 goblins
  4 hobgoblins
  3 jackals (D:1)
  15 kobolds
  2 quokkas
  5 ball pythons
  4 frilled lizards
  7 gnoll skeletons (Ossuary)
  5 kobold skeletons (Ossuary)
  8 orc skeletons (Ossuary)
  5 rats
831 creatures vanquished.

Vanquished Creatures (collateral kills)
  A merfolk javelineer (Shoals:2)
  A harpy (Shoals:2)
  2 merfolk (Shoals:2)
  An orc wizard (Orc:2)
  4 orcs (Orc:2)
9 creatures vanquished.

Vanquished Creatures (others)
  A harpy (Shoals:2)
  2 polar bears (IceCv)
  2 orc wizards
  An orc (Orc:2)
6 creatures vanquished.

Grand Total: 846 creatures vanquished

Notes
Turn   | Place    | Note
-------+----------+-------------------------------------------
     0 | D:1      | Heh the Coglin Berserker began the quest for the Orb.
     0 | D:1      | Reached XP level 1. HP: 18/18 MP: 1/1
   137 | D:1      | Reached XP level 2. HP: 23/24 MP: 2/2
   370 | D:1      | Reached ** piety under Trog
   373 | D:1      | Reached XP level 3. HP: 29/29 MP: 3/3
   994 | D:2      | Reached XP level 4. HP: 9/35 MP: 4/4
  1872 | D:3      | Found a runed translucent door.
  1873 | D:3      | Noticed Crazy Yiuf
  1899 | D:3      | Identified a scroll of acquirement
  1901 | D:3      | Acquired a +1 cloak of stealth
  2169 | D:3      | Reached XP level 5. HP: 37/41 MP: 5/5
  2288 | D:3      | Reached *** piety under Trog
  2336 | D:3      | Reached skill level 5 in Long Blades
  2394 | D:3      | Found a hazy altar of Hepliaklqana.
  2591 | D:3      | Reached XP level 6. HP: 32/47 MP: 6/6
  2936 | D:4      | Noticed Sigmund
  2945 | D:4      | Killed Sigmund
  3035 | D:4      | Reached XP level 7. HP: 29/52 MP: 7/7
  3235 | D:4      | Reached skill level 5 in Dodging
  3752 | D:5      | Entered Level 5 of the Dungeon
  3818 | D:5      | Reached **** piety under Trog
  3842 | D:5      | Reached XP level 8. HP: 52/58 MP: 8/8
  4056 | D:5      | Found a sand-covered staircase.
  4107 | Ossuary  | Entered an ossuary
  4488 | Ossuary  | Acquired a +2 demon blade of electrocution
  4759 | D:5      | Found a runed translucent gate.
  4759 | D:5      | Found a runed translucent gate.
  4759 | D:5      | Noticed retardedninja's ghost (novice CoFi)
  4759 | D:5      | Noticed olddryhag's ghost (novice MDFE)
  4760 | D:5      | Found a runed translucent gate.
  4760 | D:5      | Noticed Cobbler's ghost (amateur SpHu)
  4761 | D:5      | Noticed DeathSocks's ghost (novice DrCj)
  5093 | D:5      | Reached XP level 9. HP: 65/65 MP: 9/9
  5342 | D:6      | Reached skill level 4 in Fighting
  5651 | D:6      | You fall into a shaft and drop 1 floor!
  5717 | D:7      | Reached ***** piety under Trog
  5818 | D:7      | Found a staircase to the Ecumenical Temple.
  6344 | D:7      | Reached skill level 5 in Fighting
  6755 | D:6      | Reached XP level 10. HP: 74/74 MP: 10/10
  6764 | D:6      | Reached skill level 10 in Long Blades
  6883 | D:6      | Found Susighin's Self-Published Books.
  7482 | D:8      | Found the macabre finger necklace {Finger+ rN+}
  7660 | D:8      | Identified the +12 plate armour of the Platytaur {Str+4}
  7713 | D:8      | Identified the +2 leather armour of the Old and Reckless
                  | {Int-2 Dex+4}
  7847 | D:8      | Noticed a two-headed ogre
  7855 | D:8      | Killed a two-headed ogre
  7856 | D:8      | Reached skill level 6 in Fighting
  8307 | D:9      | Noticed a two-headed ogre
  8313 | D:9      | Killed a two-headed ogre
  8610 | D:9      | Received a gift from Trog
  8859 | D:9      | Reached XP level 11. HP: 78/83 MP: 11/11
  8870 | D:9      | Reached skill level 7 in Fighting
  8958 | D:10     | Entered Level 10 of the Dungeon
  9152 | D:10     | Noticed a two-headed ogre
  9190 | D:10     | Noticed Grum
  9216 | D:10     | Noticed Harold
  9313 | D:10     | Killed Harold
  9329 | D:10     | Killed Grum
  9528 | D:10     | Killed a two-headed ogre
  9609 | D:10     | Reached skill level 5 in Armour
  9896 | D:10     | Received a gift from Trog
 10347 | D:10     | Found a staircase to the Lair.
 10506 | D:10     | Found a staircase to the Orcish Mines.
 10518 | Orc:1    | Entered Level 1 of the Orcish Mines
 10518 | Orc:1    | Noticed an orc sorcerer
 10521 | Orc:1    | Killed an orc sorcerer
 10522 | Orc:1    | Reached skill level 8 in Fighting
 10585 | Lair:1   | Entered Level 1 of the Lair of Beasts
 10870 | Lair:1   | Reached XP level 12. HP: 94/94 MP: 12/12
 11273 | Lair:1   | Noticed a boulder beetle
 11281 | Lair:1   | Killed a boulder beetle
 11811 | Lair:1   | Reached skill level 9 in Fighting
 12068 | D:11     | Noticed a boulder beetle
 12075 | D:11     | Killed a boulder beetle
 12226 | D:11     | Noticed Erolcha
 12231 | D:11     | Killed Erolcha
 12259 | D:11     | Reached skill level 10 in Fighting
 12260 | D:11     | Noticed a boulder beetle
 12276 | D:11     | Killed a boulder beetle
 12574 | D:11     | Reached skill level 11 in Fighting
 12890 | D:12     | Found a runed translucent gate.
 12890 | D:12     | Found a runed translucent gate.
 12890 | D:12     | Noticed a nine-headed hydra
 12891 | D:12     | Found a runed translucent gate.
 12891 | D:12     | Noticed Etzysuoth's ghost (journeyman DsWr)
 13265 | D:12     | Noticed a two-headed ogre
 13268 | D:12     | Killed a two-headed ogre
 13268 | D:12     | Received a gift from Trog
 13419 | D:12     | Noticed a 12-headed hydra
 13471 | D:12     | Found Wofeb's CLEARANCE SALE!.
 13480 | D:12     | Bought a scroll of brand weapon for 38 gold pieces
 13480 | D:12     | Bought a scroll of identify for 8 gold pieces
 13480 | D:12     | Bought a potion of ambrosia for 32 gold pieces
 13507 | D:12     | Gained mutation: Your mind is acute. (Int +4, Str/Dex -1)
                  | [potion of mutation]
 13507 | D:12     | Gained mutation: You are frail. (-10% HP) [potion of
                  | mutation]
 13507 | D:12     | Gained mutation: You are somewhat resistant to further
                  | mutation. [potion of mutation]
 13507 | D:12     | Gained mutation: Your muscles are strong. (Str +4, Int/Dex
                  | -1) [potion of mutation]
 13509 | D:12     | Lost mutation: Your muscles are strong. (Str +4, Int/Dex
                  | -1) [potion of mutation]
 13509 | D:12     | Lost mutation: You are somewhat resistant to further
                  | mutation. [potion of mutation]
 13509 | D:12     | Gained mutation: You expend magic power (3 MP) to
                  | strengthen your wands. [potion of mutation]
 13509 | D:12     | Gained mutation: You are agile. (Dex +4, Str/Int -1)
                  | [potion of mutation]
 13510 | D:12     | Lost mutation: You are frail. (-10% HP) [potion of
                  | mutation]
 13510 | D:12     | Lost mutation: Your mind is acute. (Int +4, Str/Dex -1)
                  | [potion of mutation]
 13510 | D:12     | Lost mutation: You are agile. (Dex +4, Str/Int -1) [potion
                  | of mutation]
 13510 | D:12     | Gained mutation: You are vulnerable to cold. (rC-) [potion
                  | of mutation]
 13510 | D:12     | Gained mutation: Your health recovers twice as slowly from
                  | being drained. [potion of mutation]
 13611 | D:12     | Reached skill level 12 in Fighting
 13860 | D:12     | Reached XP level 13. HP: 91/109 MP: 13/13
 13995 | D:13     | Reached skill level 13 in Fighting
 15539 | Lair:2   | Found a staircase to the Shoals.
 15570 | Lair:2   | Found a hole to the Spider Nest.
 15996 | Lair:2   | Reached skill level 14 in Fighting
 16497 | Lair:3   | Found a frozen archway.
 16517 | IceCv    | Entered an ice cave
 16771 | IceCv    | Reached skill level 15 in Fighting
 16943 | IceCv    | Reached ****** piety under Trog
 17161 | IceCv    | Reached skill level 16 in Fighting
 17168 | IceCv    | Reached XP level 14. HP: 65/125 MP: 1/14
 17172 | IceCv    | Received a gift from Trog
 17191 | IceCv    | Acquired an actuated geosubsystem {rF+ rC+ Regen+ RegenMP+}
 17355 | IceCv    | Identified the +4 mace of True Grit {vamp, rF+}
 18164 | Lair:3   | Reached skill level 17 in Fighting
 18540 | Lair:4   | Reached skill level 10 in Dodging
 18550 | Lair:4   | Identified the +9 double sword of Exquisite Torment {flame,
                  | rN+++ Will- Str+2 SInv} (Trog gifted it to you on level 4
                  | of the Lair of Beasts)
 18550 | Lair:4   | Received a gift from Trog
 18750 | Lair:4   | Found a viscous altar of Jiyva.
 18750 | Lair:4   | Found a staircase to the Slime Pits.
 19388 | Lair:5   | Entered Level 5 of the Lair of Beasts
 19628 | Lair:5   | Lost mutation: You are vulnerable to cold. (rC-) [potion of
                  | mutation]
 19628 | Lair:5   | Lost mutation: You expend magic power (3 MP) to strengthen
                  | your wands. [potion of mutation]
 19628 | Lair:5   | Lost mutation: Your health recovers twice as slowly from
                  | being drained. [potion of mutation]
 19628 | Lair:5   | Gained mutation: You expend magic power (3 MP) to
                  | strengthen your wands. [potion of mutation]
 19628 | Lair:5   | Gained mutation: You are partially covered in large bone
                  | plates. (SH +4) [potion of mutation]
 19703 | Lair:5   | Reached XP level 15. HP: 116/134 MP: 15/15
 19736 | Lair:5   | Found a corrupted altar of Lugonu.
 19737 | Lair:5   | Found a one-way gate to the infinite horrors of the Abyss.
 19916 | Lair:5   | Received a gift from Trog
 19917 | Lair:5   | Reached skill level 18 in Fighting
 20205 | Lair:5   | Noticed Urug
 20213 | Lair:5   | Killed Urug
 20329 | Lair:5   | Identified the +2 leather armour of Cynicism {Int+3}
 20755 | Orc:2    | Entered Level 2 of the Orcish Mines
 20829 | Orc:2    | Found a staircase to the Elven Halls.
 20876 | Orc:2    | Found a roughly hewn altar of Beogh.
 20945 | Orc:2    | Found Conit's General Store.
 20965 | Orc:2    | Bought a potion of ambrosia for 120 gold pieces
 20981 | Orc:2    | Noticed Snorg
 21000 | Orc:2    | Received a gift from Trog
 21007 | Orc:2    | Killed Snorg
 21311 | Orc:2    | Found a roughly hewn altar of Beogh.
 21312 | Orc:2    | Found Zobigrik's Jewellery Shoppe.
 21373 | Orc:2    | Found a roughly hewn altar of Beogh.
 21428 | Orc:2    | Reached skill level 19 in Fighting
 21660 | Orc:1    | You fall into a shaft and drop 1 floor!
 21728 | Orc:2    | Noticed Saint Roka
 21762 | Orc:2    | Killed Saint Roka
 21763 | Orc:2    | Found Oprisot's Antique Armour Shop.
 21764 | Orc:2    | Found a roughly hewn altar of Beogh.
 21769 | Orc:2    | Found Laqaom's Antique Weapon Boutique.
 21784 | Orc:2    | Bought a pair of pitted gloves for 332 gold pieces
 21784 | Orc:2    | Identified the +0 pair of gloves of Asceticism {rElec
                  | Dex+2} (You bought it in a shop on level 2 of the Orcish
                  | Mines)
 21902 | Orc:2    | Found a roughly hewn altar of Beogh.
 21903 | Orc:2    | Found Gam Kezuoc's Assorted Antiques.
 21939 | Orc:2    | Bought a potion of heal wounds for 140 gold pieces
 22129 | Orc:1    | Received a gift from Trog
 22177 | Orc:1    | Found a roughly hewn altar of Beogh.
 22878 | D:13     | Found a gate to the Vaults.
 23077 | D:14     | Identified the +7 glaive "Impbane" {holy, +Blink Fly Str+2
                  | Dex-4}
 23079 | D:14     | Reached skill level 20 in Fighting
 23252 | D:14     | Reached XP level 16. HP: 148/148 MP: 16/16
 23364 | D:14     | Upgraded the game from 0.32-a0-953-g508020473e to
                  | 0.32-a0-960-g3814254bd7
 23393 | D:14     | Found a portal to a secret trove of treasure.
 23781 | D:15     | Entered Level 15 of the Dungeon
 23944 | D:15     | Noticed Rupert
 24062 | D:15     | Killed Rupert
 24421 | D:15     | Received a gift from Trog
 24517 | D:15     | Found a staircase to the Depths.
 24622 | Depths:1 | Entered Level 1 of the Depths
 24636 | Depths:1 | Found a runed translucent door.
 24644 | Depths:1 | Noticed Ygearrag's ghost (veteran DrBe)
 24845 | Shoals:1 | Entered Level 1 of the Shoals
 25672 | Shoals:1 | Identified the +1 robe of the Game of Kings {-Tele Int+5
                  | Archmagi}
 25956 | Shoals:2 | Found Pudynap's Antique Weapon Shoppe.
 25985 | Shoals:2 | Found Yrphozxenn's Book Emporium.
 26015 | Shoals:2 | Noticed Mlioglotl
 26015 | Shoals:2 | Noticed a kraken
 26015 | Shoals:2 | Noticed Ilsuiw
 26023 | Shoals:2 | Killed Mlioglotl
 26041 | Shoals:2 | Received a gift from Trog
 26058 | Shoals:2 | HP: 6/150 [merfolk javelineer/javelin (15)]
 26059 | Shoals:2 | Hit by a javelin thrown by something

Illustrated notes

Levels and vault maps discovered:
D:1:      dreamdust_arrival_sigmund_warning, layout_basic
D:2:      layout_loops_corners
D:3:      layout_loops_corners, mainiacjoe_overflow_tiny_flanked,
          nrook_mini_vaults, uniq_crazy_yiuf_cottage
D:4:      layout_basic, serial_bayou, serial_bayou_pond_a,
          serial_bayou_lagoon_a, serial_bayou_pond_b, serial_bayou_ford_a,
          uniq_sigmund
D:5:      layout_cave_pools, mainiacjoe_ossuary_entry_find_the_door,
          gammafunk_ghost_cemetery
D:6:      layout_basic, nicolae_custom_books, minivault_23
D:7:      layout_loops_corners, minmay_temple_entry_statues_fountains
D:8:      layout_layer_cave, kennysheep_generic_room_7
D:9:      layout_roguey
D:10:     layout_big_octagon, erik_lair_orcish_takeover, erik_orc_2,
          uniq_harold, uniq_grum
D:11:     layout_small_grid, kennysheep_minor_cross, minmay_nine_imps,
          uniq_erolcha
D:12:     layout_basic, gammafunk_ghost_hydra_chop, serial_corexii_hall,
          corexii_hall_statues_i, corexii_hall_statues_i, nicolae_shop_clearance
D:13:     layout_cave_pools, hellmonk_vaults_keyhole
D:14:     layout_rooms, enter_trove_0, serial_curves, eino_curves_04,
          eino_curves_02, dreamdust_mushroom_princess, palyth_stone_intersect
D:15:     hangedman_depths_entry_try_elsewhere_first, layout_loops_ring,
          kennysheep_flooded_box, uniq_rupert
Lair:1:   layout_long_grid, nicolae_quartered_pool_little,
          cheibrodos_lair_reptile_den
Lair:2:   layout_hall_layers, minmay_shoals_entry_beasts,
          nicolae_spider_entry_non_spiders
Lair:3:   nzn_winding_woodlands_stair_cross [nzn_winding_woodlands_5x15_twine,
          nzn_winding_woodlands_center_lodge, nzn_winding_woodlands_5x15_eye,
          nzn_winding_woodlands_5x5_perimeter,
          nzn_winding_woodlands_5x5_default, nzn_winding_woodlands_5x15_pool,
          nzn_winding_woodlands_center_diamonds,
          nzn_winding_woodlands_5x15_split_checker], layout_concentric_octagons,
          special_room [special_room_bee], portal_ice_cave_entry_pillars_2
Lair:4:   layout_regular_city, slime_entry_1, chequers_serial_rivers_room_b,
          lemuel_fruit_tree, grunt_megastairs_2, lemuel_fruit_fields
Lair:5:   hellmonk_lair_end_abyssal_woods, layout_gridlike,
          grunt_forest_large_clearing_hut, serial_bayou_shore_a,
          infiniplex_staircase_pool, uniq_urug
Shoals:1: cheibrodos_shoals_roost, layout_shoals
Shoals:2: layout_shoals, serial_shops, nicolae_diamond_shop, shop,
          nicolae_shop_tiny_real_fake_doors, shop, nicolae_shoals_kraken_party,
          uniq_ilsuiw, uniq_polyphemus, uniq_mlioglotl
Orc:1:    layout_diamond_mine, minmay_orc_temple_b
Orc:2:    grunt_orc_community_town_hall, layout_caves,
          grunt_orc_community_big_house_1, grunt_orc_community_big_house_1,
          grunt_orc_community_house_2, grunt_orc_community_house_3,
          grunt_orc_community_house_1, grunt_orc_community_house_1,
          serial_shops, nicolae_shop_just_a_little_nook, uniq_snorg
Depths:1: layout_gridville, serial_shops, shop, hellmouth_2,
          ebering_ghost_reflecting_pool, abyss_entry_small_statue_room,
          led_xom_imps, nicolae_triple_integral

Skill      XL: |  1  2  3  4  5  6  7  8  9 10 11 12 13 14 15 16 |
---------------+-------------------------------------------------+-----
Dodging        | 2 3 4 5 7 8 9 10 11 | 11.9
Long Blades    | 4 5 6 8 9 11 13 14 | 14.9
Fighting       | 5 6 8 12 16 17 20 | 20.7
Armour         | 3 5 6 8 9 |  9.3

Action                     |  1- 3 |  4- 6 |  7- 9 | 10-12 | 13-15 | 16-18 || total
---------------------------+-------+-------+-------+-------+-------+-------++-------
  Melee: Falchion          |    31 |    58 |       |       |       |       ||    89
         Dagger            |    39 |    15 |       |       |       |       ||    54
         Short sword       |     7 |       |       |       |       |       ||     7
         Long sword        |    20 |   111 |   358 |   213 |       |       ||   702
         Demon blade       |       |       |   115 |   369 |   676 |   178 ||  1338
         Scimitar          |       |       |       |   161 |   303 |       ||   464
         Double sword      |       |       |       |       |   377 |   185 ||   562
  Throw: Javelin           |       |       |     4 |       |     4 |     6 ||    14
         Boomerang         |       |       |     3 |       |       |       ||     3
         Throwing net      |       |       |       |       |       |     4 ||     4
 Invoke: Berserk           |     1 |       |       |       |       |     1 ||     2
         Brothers in Arms  |       |       |       |       |     1 |     1 ||     2
         Trog's Hand       |       |       |       |       |     1 |       ||     1
Ability: Invent Gizmo      |       |       |       |       |     1 |       ||     1
  Evoke: Wand              |       |       |       |       |     9 |    13 ||    22
         Box of beasts     |       |       |       |       |     1 |       ||     1
    Use: Potion            |     1 |       |       |     3 |    11 |     7 ||    22
         Scroll            |       |     4 |    11 |    13 |     7 |    10 ||    45
   Stab: Sleeping          |       |     4 |    10 |     1 |       |       ||    15
         Distracted        |       |       |     1 |       |     1 |       ||     2
 Armour: Animal skin       |    12 |       |       |       |       |       ||    12
         Robe              |    15 |    47 |   170 |    15 |       |       ||   247
         Ring mail         |       |     5 |       |       |       |       ||     5
         Steam dragon scal |       |       |    26 |       |       |       ||    26
         Plate armour      |       |       |       |   386 |   767 |   277 ||  1430
  Dodge: Dodged            |    34 |    52 |   208 |   230 |   493 |   175 ||  1192
  Block: Other             |       |       |       |       |    56 |    44 ||   100

Table legend: (Time is in decaauts)
 A = Elapsed time spent in this place.
 B = Non-inter-level travel time spent in this place.
 C = Inter-level travel time spent in this place.
 D = Time resting spent in this place.
 E = Time spent auto-exploring this place.
 F = Levels seen in this place.
 G = Mean time per level.
                   A        B        C        D        E       F      G
               +--------+--------+--------+--------+--------+-----+--------+
         Total |  25653 |  23882 |   1771 |   1162 |  16934 |  27 |  950.1 |
       Dungeon |  14496 |  13605 |    891 |    625 |  10560 |  15 |  966.4 |
          Lair |   6647 |   6041 |    606 |      0 |   3810 |   5 | 1329.4 |
        Shoals |   1288 |   1277 |     11 |    164 |    864 |   2 |  644.0 |
  Orcish Mines |   1702 |   1458 |    244 |    167 |    850 |   2 |  851.0 |
        Depths |     45 |     27 |     18 |      0 |     17 |   1 |   45.0 |
       Ossuary |    572 |    572 |      0 |    206 |    229 |   1 |  572.0 |
      Ice Cave |    901 |    901 |      0 |      0 |    603 |   1 |  901.0 |
               +--------+--------+--------+--------+--------+-----+--------+

Top non-repeatable levels by time:
  Lair:2: 2148 daAuts
  Lair:1: 1525 daAuts
    D:10: 1293 daAuts
   Orc:2: 1265 daAuts
    D:12: 1245 daAuts
Shoals:1: 1165 daAuts
  Lair:5: 1152 daAuts
     D:9: 1145 daAuts
     D:7: 1017 daAuts
     D:2: 1010 daAuts
     D:3: 1002 daAuts
     D:6: 988 daAuts
     D:5: 986 daAuts
  Lair:3: 986 daAuts
     D:4: 981 daAuts
